 Dungeon Crawl Stone Soup version 0.31-a0-705-ga145531891 (webtiles) character file.

Game seed: 9239841466735512356

515 avis the Ducker (level 7, -2/33 HPs)
             Began as a Felid Shapeshifter on Sept 9, 2023.
             Was an Initiate of Gozag.
             Slain by a sixfirhy (9 damage)
             ... summoned by a kobold demonologist
             ... on level 4 of the Dungeon.
             The game lasted 00:31:47 (4021 turns).

avis the Ducker (Felid Shapeshifter)                Turns: 4021, Time: 00:31:48

Health: -2/33      AC:  2    Str: 12    XL:     7   Next: 0%
Magic:  8/8        EV: 25    Int: 11    God:    Gozag
Gold:   120        SH:  0    Dex: 16    Spells: 6/6 levels left
                                        Lives:  0   Deaths: 3

rFire   . .          .
                       - Unarmed
rCold   . . .        (shield unavailable)
rNeg    . . .        (body armour unavailable)
rPois   .            (helmet unavailable)
rElec   .            (cloak unavailable)
rCorr   .            (gloves unavailable)
SInv    +            (boots unavailable)
Will    ++...        (no amulet)
Stlth   +            f - ring of willpower
HPRegen 0.25/turn    p - +5 ring of evasion
MPRegen 0.11/turn

%: no passive effects
@: beast-form, quick
A: beast (slay +3), very small, claws 1, fangs 3, see invisible, speed 1, shaggy
fur 2, stealthy paws, no weapons or thrown items, no armour, multi-lived
a: Begin Untransformation, Renounce Religion, Potion Petition, Call Merchant,
Bribe Branch


You were on level 4 of the Dungeon.
You worshipped Gozag.
Gozag was aware of your devotion.
You were a hulking beast.
You visited 2 branches of the dungeon, and saw 6 of its levels.

You collected 165 gold pieces.
You paid 45 gold pieces to Gozag.

Inventory:

Jewellery
 f - a ring of willpower (left paw)
 m - a ring of magical power
 p - a +5 ring of evasion (right paw)
 t - a ring of willpower
Talismans
 b - a beast talisman (active)
 c - a flux talisman
Scrolls
 d - 2 scrolls of fear {unknown}
 i - a scroll of amnesia {unknown}
 j - 2 scrolls of teleportation {unknown}
 o - a scroll of enchant armour {unknown}
 s - a scroll of blinking {unknown}
 u - 2 scrolls of vulnerability {unknown}
 v - a scroll of fog {unknown}
Potions
 a - 2 potions of lignification
 e - 2 potions of curing
 g - a potion of invisibility
 h - 2 potions of brilliance
 k - 2 potions of enlightenment
 l - a potion of haste
 n - 2 potions of might
 q - a potion of ambrosia


   Skills:
 * Level 4.4 Fighting
 - Level 6.0 Dodging
 - Level 3.0 Unarmed Combat
 - Level 5.3 Shapeshifting


You had 6 spell levels left.
You didn't know any spells.
Your spell library was empty.

Dungeon Overview and Level Annotations

Branches:
Dungeon (5/15)             Temple (1/1) D:4

Altars:
Dithmenos
Gozag
Kikubaaqudgha
Nemelex Xobeh
Okawaru
Qazlal
Ru
Sif Muna
Trog
Vehumet
Yredelemnul

Shops:
D:1 =   D:3 (

Annotations:
D:4 1 runed translucent door


Innate Abilities, Weirdness & Mutations

You are a hulking beast.
Your limbs bulge with bestial killing power. (Slay +3)
You have sharp claws.
You have razor-sharp teeth.
You have supernaturally acute eyesight. (SInv)
You cover ground quickly. (Speed+)
You are covered in thick fur. (AC +2)
Your paws help you pounce on unaware monsters.
You are incapable of wielding weapons or throwing items.
You cannot wear armour.
You gain extra lives every three experience levels.


Message History

The sixfirhy misses you.
The kobold demonologist closely misses you.
You scratch the kobold demonologist.
The kobold demonologist is heavily wounded.
The sixfirhy barely misses you. x2; The sixfirhy completely misses you.
The sixfirhy barely misses you.
The kobold demonologist completely misses you.
You barely miss the kobold demonologist.
Your claw misses the kobold demonologist.
You bite the kobold demonologist.
The kobold demonologist is heavily wounded.
The kobold demonologist casts a spell.
You claw the kobold demonologist!
The kobold demonologist is almost dead.
The kobold demonologist completely misses you.
You closely miss the kobold demonologist.
The kobold demonologist is almost dead.
The sixfirhy misses you.
You closely miss the kobold demonologist.
The kobold demonologist is lightly wounded.
The sixfirhy barely misses you. The sixfirhy hits you. The sixfirhy shocks you!
The sixfirhy misses you. The sixfirhy completely misses you.
The sixfirhy barely misses you. x2; The sixfirhy closely misses you.
The sixfirhy hits you!
* * * LOW HITPOINT WARNING * * *
The sixfirhy shocks you!
You die...
Your shape twists and changes as you die.
The sixfirhy completely misses you.
You rejoin the land of the living...
The sixfirhy completely misses you. The sixfirhy hits you!
The sixfirhy shocks you!
* * * LOW HITPOINT WARNING * * *
The kobold demonologist casts a spell.
The kobold demonologist gestures wildly while chanting.
The sixfirhy hits you.
* * * LOW HITPOINT WARNING * * *
The sixfirhy shocks you!
You die...
Your body crumbles into a pile of gold.

...#.#...........# ###.#....#..>.
..##.#...........###.......#.....
.................#...........##..
#######.........#....##.....####.
##### #.........K...#####..####..
.).8###..........#.K.#.##..#.....
......(..........##....#..#.....#
._.......(......3####5.54...#...#
...........##..#h## ##K.....#...#
...8###...###.##..###..5.#....###
#+### #...###.#.....######..#....


ggg8 #.#..#..##.........##[##.#+ gggo# #.##..#.###.###...###.####. .O.!#
#.#..##.##...##.......##.#. ....# #.......#....#...........#. !.?8#
#...#.....##...(.........+. ##### #...###...##...........###. You could see a
kobold demonologist and a sixfirhy (summoned).

Vanquished Creatures
  An ogre (D:4)
  A scorpion (D:4)
  3 orc priests
  Jessica (D:3)
  2 orc wizards
  3 gnolls (D:3)
  5 adders (D:2)
  An ufetubus (D:4)
  6 dart slugs
  12 orcs
  8 ball pythons
  7 bats
  7 endoplasms
  6 giant cockroaches
  8 goblins
  5 hobgoblins
  4 jackals
  4 quokkas
  8 frilled lizards
  13 kobolds
  7 rats
112 creatures vanquished.

Notes
Turn   | Place    | Note
-------+----------+-------------------------------------------
     0 | D:1      | avis the Felid Shapeshifter began the quest for the Orb.
     0 | D:1      | Reached XP level 1. HP: 9/9 MP: 2/2
   169 | D:1      | Reached XP level 2. HP: 9/13 MP: 3/3
   217 | D:1      | Reached skill level 3 in Dodging
   413 | D:1      | Found Fuihuutu's Jewellery Emporium.
   746 | D:1      | Reached XP level 3. HP: 11/16 MP: 4/4
  1306 | D:2      | Reached XP level 4. HP: 15/19 MP: 5/5
  1400 | D:2      | Reached skill level 5 in Shapeshifting
  2028 | D:3      | Killed from afar by an orc priest
  2029 | D:3      | Found Paef's Weapon Shop.
  2123 | D:3      | Reached XP level 5. HP: 18/23 MP: 6/6
  2266 | D:3      | Noticed Jessica
  2280 | D:3      | Killed Jessica
  2290 | D:3      | Reached skill level 4 in Dodging
  2563 | D:3      | Noticed an orc warrior
  2657 | D:2      | Reached skill level 5 in Dodging
  2657 | D:2      | Gained mutation: You are covered in thick fur. (AC +2)
                  | [Felid growth]
  2657 | D:2      | Reached XP level 6. HP: 24/28 MP: 7/7
  3186 | D:4      | Found an iron altar of Okawaru.
  3187 | D:4      | Found a runed translucent door.
  3191 | D:4      | Found the +0 toga "Victory" {*Victory Clar}
  3295 | D:4      | Found a staircase to the Ecumenical Temple.
  3325 | D:4      | Reached skill level 6 in Dodging
  3539 | D:4      | Reached XP level 7. HP: 33/33 MP: 8/8
  3543 | D:4      | Found a sparkling altar of Nemelex Xobeh.
  3661 | Temple   | Entered the Ecumenical Temple
  3674 | Temple   | Became a worshipper of Gozag Ym Sagoz the Greedy
  3927 | D:5      | Entered Level 5 of the Dungeon
  3927 | D:5      | Noticed a kobold demonologist
  3927 | D:5      | Noticed a kobold demonologist
  3932 | D:4      | Noticed a sun demon
  3946 | D:4      | Slain by a kobold demonologist
  3987 | D:4      | Noticed a sixfirhy
  3992 | D:4      | Noticed a sixfirhy
  3993 | D:4      | Slain by a sixfirhy
  4018 | D:4      | Noticed an ice devil
  4021 | D:4      | Slain by a sixfirhy

Illustrated notes

Levels and vault maps discovered:
D:1:      minmay_arrival_stone_box, layout_basic, serial_shops,
          nicolae_shop_getting_attention
D:2:      minmay_skewed_foursquare, layout_loops_ring
D:3:      layout_loops_ring, serial_shops, nicolae_shop_bloodbath_and_beyond,
          uniq_jessica
D:4:      layout_cave_pools, mainiacjoe_overflow_six_doors_small,
          nicolae_overflow_guarded_unrand_okawaru_victory,
          minmay_temple_entry_wispy
D:5:      layout_loops_cross, led_xom_imps, kennysheep_nondescript
Temple:   dpeg_three_leaves_temple

Skill      XL: |  1  2  3  4  5  6 |
---------------+-------------------+-----
Fighting       | 2 3 4 |  4.4
Dodging        | 3 5 6 |  6.0
Shapeshifting  | 4 5 |  5.3
Unarmed Combat | |  3.0

Action                     |  1- 3 |  4- 6 |  7- 9 || total
---------------------------+-------+-------+-------++-------
  Melee: Unarmed           |    94 |   186 |    20 ||   300
         Bite              |     7 |    11 |     4 ||    22
         Punch             |     1 |     6 |     1 ||     8
    Use: Potion            |     1 |       |       ||     1
         Scroll            |       |       |     7 ||     7
   Stab: Sleeping          |     4 |     2 |       ||     6
 Armour: Skin              |    35 |    25 |    11 ||    71
  Dodge: Dodged            |    60 |   136 |    31 ||   227

Table legend: (Time is in decaauts)
 A = Elapsed time spent in this place.
 B = Non-inter-level travel time spent in this place.
 C = Inter-level travel time spent in this place.
 D = Time resting spent in this place.
 E = Time spent auto-exploring this place.
 F = Levels seen in this place.
 G = Mean time per level.
                   A        B        C        D        E       F      G
               +--------+--------+--------+--------+--------+-----+--------+
         Total |   3392 |   3037 |    355 |    404 |   1569 |   6 |  565.3 |
       Dungeon |   3359 |   3014 |    345 |    404 |   1569 |   5 |  671.8 |
        Temple |     33 |     24 |      9 |      0 |      0 |   1 |   33.0 |
               +--------+--------+--------+--------+--------+-----+--------+

Top non-repeatable levels by time:
     D:2: 897 daAuts
     D:1: 887 daAuts
     D:3: 842 daAuts
     D:4: 729 daAuts
  Temple: 33 daAuts
     D:5: 1 daAuts
